 Dungeon Crawl Stone Soup version 0.19.1-1-g22dce08 (webtiles) character file.

233 TryAgain the Chiller (level 6, -2/36 HPs)
             Began as a Gargoyle Ice Elementalist on Jan 20, 2017.
             Slain by Eustachio
             ... wielding a +0 falchion
              (7 damage)
             ... on level 4 of the Dungeon.
             The game lasted 00:18:47 (3297 turns).

TryAgain the Chiller (Gargoyle Ice Elementalist)    Turns: 3297, Time: 00:18:47

Health: -2/36      AC:  7    Str: 11    XL:     6   Next: 5%
Magic:  20/28      EV: 12    Int: 18    God:
Gold:   172        SH:  0    Dex: 10    Spells: 4 memorised, 3 levels left

rFire  . . .     SeeInvis .     d - +0 spear
rCold  . . .     Gourm    .     a - +0 robe
rNeg   + . .     Faith    .     (no shield)
rPois  ∞         Spirit   .     y - +0 hat
rElec  +         Reflect  .     (no cloak)
rCorr  .         Harm     .     z - +0 pair of gloves
MR     .....                    (no boots)
Stlth  ++........               (no amulet)
                                u - ring of magical power
                                v - ring of magical power

@: very slightly contaminated
A: negative energy resistance 1, electricity resistance, unbreathing,
petrification resistance, rot immunity, AC +4
a: no special abilities


You were on level 4 of the Dungeon.
You were not hungry.

You visited 1 branch of the dungeon, and saw 4 of its levels.

You collected 172 gold pieces.

Inventory:

Hand Weapons
 d - a +0 spear (weapon)
 k - a +2 falchion of holy wrath
Armour
 a - a +0 robe (worn)
 r - a +2 buckler
 y - a +0 hat (worn)
 z - a +0 pair of gloves (worn)
Jewellery
 u - a ring of magical power (right hand)
 v - a ring of magical power (left hand)
 x - an uncursed ring of positive energy
Scrolls
 e - 2 scrolls of recharging {unknown}
 f - a scroll of fog {unknown}
 h - 2 scrolls of noise {unknown}
 i - 5 scrolls of identify
 j - a scroll of blinking {unknown}
 l - a scroll of enchant armour {unknown}
 n - 3 scrolls of teleportation {unknown}
 s - a scroll of remove curse {unknown}
Potions
 m - a potion of mutation
 p - a potion of berserk rage
Books
 b - a book of Frost

   Spells                             Type                      Level
   a - Freeze                         Ice                          1
   b - Throw Frost                    Conjuration/Ice              2
   c - Ozocubu's Armour               Charms/Ice                   3
   d - Throw Icicle                   Conjuration/Ice              4
   e - Summon Ice Beast               Ice/Summoning                4
 w - a book of Callings

   Spells                             Type                      Level
   a - Summon Small Mammal            Summoning                    1
   b - Call Imp                       Summoning                    2
   c - Call Canine Familiar           Summoning                    3
   d - Summon Guardian Golem          Hexes/Summoning              3
   e - Summon Lightning Spire         Summoning/Air                4
   f - Summon Ice Beast               Ice/Summoning                4
Comestibles
 c - 2 bread rations
 g - 5 fruits
 q - a meat ration
 t - a chunk of flesh


   Skills:
 + Level 2.5 Fighting
 - Level 0.1 Polearms
 + Level 0.7 Armour
 + Level 2.4 Dodging
 - Level 2.1 Stealth
 + Level 0.4 Shields
 + Level 3.2 Spellcasting
 - Level 1.1 Conjurations
 + Level 1.2 Summonings
 + Level 4.0 Ice Magic


You had 3 spell levels left.
You knew the following spells:

 Your Spells              Type           Power        Failure   Level  Hunger
a - Freeze                Ice            ###.         3%          1    None
b - Summon Ice Beast      Ice/Summ       ##......     67%         4    ####...
c - Summon Small Mammal   Summ           #...         12%         1    None
d - Throw Frost           Conj/Ice       ##....       12%         2    ##.....


Dungeon Overview and Level Annotations

Branches:
Dungeon (4/15)
 Temple: D:4-7

Altars:

Annotations:
D:4 Dowan, Duvessa, Eustachio


Innate Abilities, Weirdness & Mutations

You are resistant to torment.
Your stone body is resilient. (AC +4)
You are immune to poison.
You resist negative energy. (rN+)
You are resistant to electric shocks. (rElec)
You can survive without breathing.
You are immune to petrification.
You are immune to rotting.


Message History

Casting: Freeze
Confirm with . or Enter, or press ? or * to list all spells.
Aiming: Freeze
Press: ? - help, Shift-Dir - straight line, f/p - Eustachio
Aim: Eustachio, wielding a falchion and wearing a leather armour (moderately wounded)
You freeze Eustachio.
Eustachio is moderately wounded.
Eustachio hits you with a falchion.
* * * LOW HITPOINT WARNING * * *
The rat bites you but does no damage.
Casting: Freeze
Confirm with . or Enter, or press ? or * to list all spells.
Aiming: Freeze
Press: ? - help, Shift-Dir - straight line, f/p - Eustachio
Aim: Eustachio, wielding a falchion and wearing a leather armour (moderately wounded)
You freeze Eustachio.
Eustachio is heavily wounded.
The shadow imp disappears in a puff of smoke!
Eustachio hits you with a falchion!
You die...

#. #. ## # ##### ########## #
#...# ###...§....##### #
#.#.#.#.#..§r§.........# #
#.#.#.#.#.#@######.###.# #
#.#.#.#.#.#@# #.#...# #
#.#.#.#.#.#r######.#.### #
#.#.#.#.#.#.#....#.#.# #
#.#.#.#.#.#.#.##.#.#.# #
#.#.#.#.#......#.#.#.# #
#.#.#.......#..#.#.#.#######
######.#.###.##..#..#.#.#.......#
#..........#.##..#..#.#.#.......#
##.####..#+#.##..#..#.#.#.......#


You could see Eustachio and 2 rats.

Vanquished Creatures
  Terence (D:2)
  An iguana (D:4)
  A worker ant (D:4)
  7 adders
  4 gnolls (D:4)
  2 worms (D:3)
  2 orcs
  5 giant cockroaches
  7 goblins
  6 hobgoblins
  4 jackals (D:1)
  A quokka (D:3)
  A ball python (D:2)
  8 bats
  A frilled lizard (D:1)
  5 kobolds
  4 rats
60 creatures vanquished.

Notes
Turn   | Place    | Note
-------+----------+-------------------------------------------
     0 | D:1      | TryAgain the Gargoyle Ice Elementalist began the quest for the Orb.
     0 | D:1      | Reached XP level 1. HP: 10/10 MP: 3/3
   297 | D:1      | Reached XP level 2. HP: 8/15 MP: 0/5
   962 | D:2      | Reached XP level 3. HP: 18/20 MP: 6/6
  1008 | D:2      | Reached skill level 1 in Fighting
  1119 | D:2      | Noticed Terence
  1394 | D:3      | Reached XP level 4. HP: 21/26 MP: 2/8
  1470 | D:3      | Learned a level 4 spell: Summon Ice Beast
  2258 | D:4      | Reached XP level 5. HP: 19/30 MP: 9/9
  2280 | D:4      | Learned a level 1 spell: Summon Small Mammal
  2381 | D:4      | Reached skill level 4 in Ice Magic
  2737 | D:4      | Noticed Duvessa
  2779 | D:4      | Reached skill level 1 in Summonings
  2870 | D:4      | Noticed Dowan
  2880 | D:3      | Learned a level 2 spell: Throw Frost
  2994 | D:2      | Killed Terence
  3134 | D:4      | Reached XP level 6. HP: 28/36 MP: 10/10
  3266 | D:4      | Noticed Eustachio
  3297 | D:4      | Slain by Eustachio

Skill      XL: |  1  2  3  4  5 |
---------------+----------------+-----
Fighting       | 1 2 |  2.5
Dodging        | 2 |  2.4
Spellcasting   | 3 |  3.2
Ice Magic      | 4 |  4.0
Summonings     | 1 |  1.2
Polearms       | |  0.1
Armour         | |  0.7
Stealth        | |  2.1
Shields        | |  0.4
Conjurations   | |  1.1

Action                   |  1- 3 |  4- 6 || total
-------------------------+-------+-------++-------
Melee: Spear             |    93 |    84 ||   177
 Cast: Freeze            |    31 |    62 ||    93
  Use: Potion            |     1 |     1 ||     2
       Scroll            |       |     2 ||     2
 Stab: Sleeping          |     2 |     2 ||     4
  Eat: Chunk             |     1 |     7 ||     8
Armor: Robe              |    34 |    45 ||    79
Dodge: Dodged            |    82 |    75 ||   157
